AoeStats
← 台灣大表哥

Arabia

510979273Analyzed
1v1 RM · 6h ago on Oct 3, 2026· 70m 27s· 2 players
Game mode
Random Map
Map size
Tiny (2 player)
Population
200
Speed
Normal
Resources
Standard
Victory
Conquest
Starting age
Dark Age
Ending age
Imperial Age
RankedLock teamsTeams togetherTeam positionsShared explorationLock speedFull tech treeHidden civsTurbo modeCheats
Victory
Defeat
🇪🇸 Mongols · Spain
917
+18
🇹🇼 Persians · Taiwan
954
-18
_MBD_
0:26 Loom
9:41 Feudal Age
12:01 Forging
22:17 Castle Age
22:05 Bloodlines
27:25 Husbandry
28:36 Scale Barding Armor
35:01 Horse Collar
38:12 Wheelbarrow
38:15 Heavy Plow
38:16 Gold Mining
46:09 Imperial Age
46:15 Elite Steppe Lancer
47:38 Pikeman
48:19 Squires
49:51 Iron Casting
49:17 Scale Mail Armor
49:38 Chain Barding Armor
52:07 Blast Furnace
台灣大表哥
0:32 Loom
9:36 Feudal Age
9:56 Double-Bit Axe
9:53 Horse Collar
18:22 Forging
22:12 Castle Age
21:23 Bloodlines
22:38 Heavy Plow
22:52 Bow Saw
22:11 Elite Skirmisher
24:10 Husbandry
24:06 Pikeman
26:45 Fletching
27:33 Town Watch
28:55 Padded Archer Armor
30:21 Bodkin Arrow
33:37 Wheelbarrow
34:56 Gold Mining
39:18 Scale Barding Armor
39:49 Iron Casting
39:11 Light Cavalry
41:03 Parthian Tactics
41:17 Hand Cart
47:43 Imperial Age
46:21 Thumb Ring
46:43 Ballistics
47:50 Chain Barding Armor
48:48 Conscription
49:16 Plate Barding Armor
48:19 Heavy Camel Rider
53:23 Blast Furnace
52:09 Halberdier
55:14 Heavy Cavalry Archer
55:17 Hussar
56:34 Squires
56:16 Cavalier
66:57 Savar
69:27 Leather Archer Armor
Connection lost

Rejoining the realm…

Still unreachable

The connection could not be restored.

Session expired

The server has moved on; the page needs a fresh start.